 Dungeon Crawl Stone Soup version 0.31-a0-620-gd1cbd99268 (webtiles) character file.

Game seed: 12341886417052800518

45 scionoferis the Magician (level 3, -2/26 HPs)
             Began as a Djinni Hedge Wizard on Aug 23, 2023.
             Slain by a quokka (3 damage)
             ... on level 2 of the Dungeon.
             The game lasted 00:03:59 (1315 turns).

scionoferis the Magician (Djinni Hedge Wizard)      Turns: 1315, Time: 00:03:59

Health: -2/26      AC:  2    Str:  9    XL:     3   Next: 90%
Gold:   53         EV: 12    Int: 17    God:
                   SH:  0    Dex: 12

rFire   + + .        a - +0 dagger
rCold   x . .        (no shield)
rNeg    . . .        f - +0 robe
rPois   ∞            c - +0 hat
rElec   .            (no cloak)
rCorr   .            (no gloves)
SInv    .            (boots unavailable)
Will    .....        (no amulet)
Stlth   ++           (no ring)
HPRegen 0.24/turn    (no ring)
MPRegen 0.00/turn

%: infuse magic (-3 HP)
@: flying
A: sickness immunity, fire resistance 2, cold vulnerability 1, float, innate
caster, HP casting, extra vitality 1
a: no special abilities


You were on level 2 of the Dungeon.
You visited 1 branch of the dungeon, and saw 2 of its levels.

You collected 53 gold pieces.


Innate Abilities, Weirdness & Mutations

You are immune to sickness and miasma.
You are immune to poison.
Your flesh is very heat resistant. (rF++)
You are vulnerable to cold. (rC-)
You float through the air rather than walking.
You learn spells naturally, not from books.
Your magical power is your life essence.
You have superior vitality. (+4 MHP)


   Skills:
 + Level 0.9 Fighting
 + Level 2.8 Dodging
 + Level 2.1 Stealth
 * Level 3.2 Spellcasting
 * Level 3.2 Conjurations
 * Level 3.2 Hexes
   Level 0.0 Charms
 * Level 3.2 Summonings
 * Level 3.2 Necromancy
 * Level 3.2 Translocations
 * Level 3.2 Transmutations
 * Level 3.2 Fire Magic
 * Level 3.2 Ice Magic
 * Level 3.2 Air Magic
 * Level 3.2 Earth Magic
 * Level 3.2 Poison Magic


You knew the following spells:

 Your Spells              Type           Power      Damage    Failure   Level
a - Magic Dart            Conj           52%        1d5       4%          1
b - Slow                  Hex            52%        N/A       4%          1
c - Blink                 Tloc           26%        N/A       7%          2
d - Call Imp              Summ           26%        N/A       7%          2
e - Mephitic Cloud        Conj/Pois/Air  13%        N/A       14%         3
f - Freeze                Ice            52%        1d6       4%          1
Your spell library was empty.

Inventory:

Hand Weapons
 a - a +0 dagger (weapon)
 b - a +0 shortbow
   (You found it on level 1 of the Dungeon)
Missiles
 i - 21 stones
Armour
 c - a +0 hat (worn)
 f - a +0 robe (worn)
Scrolls
 d - a scroll of identify {unknown}
 e - 2 scrolls of fog {unknown}
 h - a scroll of noise {unknown}
 j - a scroll of enchant armour {unknown}
Potions
 g - a potion of invisibility {unknown}
 k - a potion of mutation {unknown}
 l - a potion of heal wounds {unknown}

Dungeon Overview and Level Annotations

Branches:
Dungeon (2/15)

Altars:

#..##.##..# ####..#.#..####..
#!.#..#†#..#.:#..
#############. #.#..#†#..# #
............##..#.#..$#...#.#..
###########.##....#...#...#....
#..##..##...#...##..#
##.#####....#....# ##
#....@r.......###
###############


You could see a quokka.


Message History

Welcome, scionoferis the Djinni Hedge Wizard.
The Orb of Zot is coveted for many reasons.
Will you seize it for your own?
Press ? for a list of commands and other information.
Found a staircase leading out of the dungeon.
You begin with the following spells memorised: Magic Dart, Slow, Blink, Call Imp, Mephitic Cloud.
Found an escape hatch in the floor.
You now have 4 gold pieces.
Found an escape hatch in the floor.
You reach down and open the door.
There is a shaft here.
A rat comes into view.
Found a scroll labelled ANNIRH YRAN.
The rat barely misses you.
You hit the rat but do no damage. The rat bites you.
You hit the rat but do no damage. The rat barely misses you.
You hit the rat.
The rat is moderately wounded.
The rat closely misses you.
You closely miss the rat.
The rat is moderately wounded.
The rat closely misses you.
You hit the rat but do no damage.
The rat is moderately wounded.
The rat closely misses you.
You barely miss the rat.
The rat is moderately wounded.
The rat bites you.
You hit the rat but do no damage.
The rat is moderately wounded.
The rat misses you.
You hit the rat but do no damage.
The rat is moderately wounded.
The rat misses you.
You closely miss the rat.
The rat is moderately wounded.
The rat closely misses you.
You barely miss the rat.
The rat is moderately wounded.
The rat misses you.
You barely miss the rat.
The rat is moderately wounded.
The rat twitches its whiskers.
The rat barely misses you.
You hit the rat but do no damage.
The rat is moderately wounded.
The rat bites you but does no damage.
Aiming: Magic Dart (safe; 6% risk of failure)
Press: ? - help, Q - select action, (/) - cycle Shift-Dir - straight line, f - rat
Aim: a rat (moderately wounded, 100% to hit)
The magic dart hits the rat.
You kill the rat!
Unknown command.
HP restored.
d - a scroll labelled OTTEWY QOKO
e - a scroll labelled ANNIRH YRAN A kobold comes into view.
It is wielding a +0 whip.
The kobold shouts!
Aiming: Magic Dart (safe; 6% risk of failure)
Press: ? - help, Q - select action, (/) - cycle Shift-Dir - straight line, f - kobold
Aim: a kobold, wielding a +0 whip and quivering stones (100% to hit)
The magic dart hits the kobold.
The kobold is severely wounded.
Unknown command.
Aiming: Magic Dart (safe; 6% risk of failure)
Press: ? - help, Q - select action, (/) - cycle Shift-Dir - straight line, f/p - kobold
Aim: a kobold, wielding a +0 whip and quivering stones (severely wounded, 100% to hit)
The magic dart hits the kobold.
You kill the kobold!
Things that are here:
a +0 whip; 5 stones
Found a stone staircase leading down.
You now have 12 gold pieces (gained 8).
You now have 23 gold pieces (gained 11).
A dart slug comes into view.
Aiming: Magic Dart (safe; 6% risk of failure)
Press: ? - help, Q - select action, (/) - cycle Shift-Dir - straight line, f - dart slug
Aim: a dart slug (asleep, 100% to hit)
The magic dart hits the dart slug.
The dart slug is heavily wounded.
Unknown command.
Aiming: Magic Dart (safe; 6% risk of failure)
Press: ? - help, Q - select action, (/) - cycle Shift-Dir - straight line, f/p - dart slug
Aim: a dart slug (heavily wounded, 100% to hit)
The magic dart hits the dart slug but does no damage.
The dart slug is heavily wounded.
Unknown command.
Aiming: Magic Dart (safe; 6% risk of failure)
Press: ? - help, Q - select action, (/) - cycle Shift-Dir - straight line, f/p - dart slug
Aim: a dart slug (heavily wounded, 100% to hit)
The magic dart hits the dart slug.
The dart slug is heavily wounded.
Unknown command.
Aiming: Magic Dart (safe; 6% risk of failure)
Press: ? - help, Q - select action, (/) - cycle Shift-Dir - straight line, f/p - dart slug
Aim: a dart slug (heavily wounded, 100% to hit)
The magic dart hits the dart slug.
The dart slug is almost dead.
Unknown command.
Aiming: Magic Dart (safe; 6% risk of failure)
Press: ? - help, Q - select action, (/) - cycle Shift-Dir - straight line, f/p - dart slug
Aim: a dart slug (almost dead, 100% to hit)
The magic dart hits the dart slug.
You kill the dart slug!
Unknown command.
A bat comes into view.
Aiming: Magic Dart (safe; 6% risk of failure)
Press: ? - help, Q - select action, (/) - cycle Shift-Dir - straight line, f - bat
Aim: a bat (asleep, 100% to hit)
The magic dart hits the bat.
The bat is moderately wounded.
Unknown command.
Aiming: Magic Dart (safe; 6% risk of failure)
Press: ? - help, Q - select action, (/) - cycle Shift-Dir - straight line, f/p - bat
Aim: a bat (moderately wounded, 100% to hit)
The magic dart hits the bat.
You kill the bat!
Unknown command.
Aiming: Magic Dart (safe; 6% risk of failure)
Press: ? - help, Q - select action, (/) - cycle Shift-Dir - straight line, f - you
Okay, then.
Found a shortbow.
You see here a +0 shortbow.
f - a +0 shortbow Adjust to which letter? (? for menu, Esc to quit)
b - a +0 shortbow;
f - a +0 robe (worn)
A bat comes into view.
b - a +0 shortbow (weapon)
You shoot an arrow. The arrow hits the bat.
The bat is moderately wounded.
You shoot an arrow. The arrow closely misses the bat.
The bat completely misses you. The bat hits you but does no damage.
You shoot an arrow. The arrow hits the bat!
You kill the bat!
Your Spellcasting skill increases to level 3!
Your Conjurations skill increases to level 3!
Your Hexes skill increases to level 3!
Your Summonings skill increases to level 3!
Your Necromancy skill increases to level 3!
Your Translocations skill increases to level 3!
Your Transmutations skill increases to level 3!
Your Fire Magic skill increases to level 3!
Your Ice Magic skill increases to level 3!
Your Air Magic skill increases to level 3!
Your Earth Magic skill increases to level 3!
Your Poison Magic skill increases to level 3!
You have reached level 2!
You reach down and open the door.
A frilled lizard comes into view.
a - a +0 dagger (weapon)
The frilled lizard bites you but does no damage.
There is an open door here.
You closely miss the frilled lizard. The frilled lizard misses you.
You miss the frilled lizard. The frilled lizard bites you.
You hit the frilled lizard.
You kill the frilled lizard!
No target in view!
b - a +0 shortbow (weapon)
You see here a frilled lizard corpse.
You reach down and open the door.
There is an open door here.
You now have 35 gold pieces (gained 12).
Found a robe.
Found a stone staircase leading down.
A kobold and a frilled lizard come into view.
You shoot an arrow. The arrow hits the kobold.
The kobold shouts!
The kobold is severely wounded.
You shoot an arrow. The arrow closely misses the kobold.
The frilled lizard hisses angrily.
You shoot an arrow. The arrow barely misses the kobold.
You shoot an arrow. The arrow hits the kobold.
You kill the kobold!
a - a +0 dagger (weapon)
You closely miss the frilled lizard. The frilled lizard bites you.
You hit the frilled lizard.
You kill the frilled lizard!
No target in view!
You see here a frilled lizard corpse.
You see here a +0 short sword.
You now have 38 gold pieces (gained 3).
A bat comes into view.
b - a +0 shortbow (weapon)
You shoot an arrow. The arrow hits the bat!
You kill the bat!
No target in view!
As you open the door, it creaks loudly!
Unknown command.
You reach down and open the door.
There is an open door here.
There is an open door here.
There is an open door here.
A bat comes into view.
You shoot an arrow. The arrow hits the bat.
You kill the bat!
No target in view!
You reach down and open the door.
There is an open door here.
A jackal comes into view.
You shoot an arrow. The arrow hits the jackal.
The jackal barks!
The jackal is moderately wounded.
A jackal comes into view. x2
a - a +0 dagger (weapon)
The jackal barely misses you.
You closely miss the jackal.
The jackal is moderately wounded.
The jackal barely misses you.
You closely miss the jackal.
The jackal is moderately wounded.
The jackal bites you. The jackal barely misses you.
You barely miss the jackal.
The jackal is moderately wounded.
The jackal misses you.
You hit the jackal.
The jackal is almost dead.
The jackal bites you but does no damage.
You barely miss the jackal.
The jackal is almost dead.
The jackal bites you. The jackal barely misses you.
You closely miss the jackal.
The jackal is almost dead.
The jackal closely misses you.
You hit the jackal.
You kill the jackal!
You hit the jackal.
The jackal is lightly wounded.
The jackal bites you but does no damage.
The jackal closely misses you.
You closely miss the jackal.
The jackal is lightly wounded.
The jackal closely misses you.
You hit the jackal.
The jackal is moderately wounded.
The jackal bites you. The jackal barely misses you.
You barely miss the jackal.
The jackal is moderately wounded.
The jackal barely misses you.
You completely miss the jackal.
The jackal is moderately wounded.
The jackal barks!
The jackal barely misses you.
You hit the jackal.
The jackal is almost dead.
The jackal bites you but does no damage.
The jackal barely misses you.
You barely miss the jackal.
The jackal is almost dead.
The jackal bites you.
You hit the jackal.
You kill the jackal!
The jackal barely misses you.
You closely miss the jackal. The jackal bites you.
You hit the jackal.
The jackal is almost dead.
The jackal bites you. The jackal closely misses you.
You closely miss the jackal.
The jackal is almost dead.
The jackal misses you.
You completely miss the jackal.
The jackal is almost dead.
The jackal closely misses you.
You barely miss the jackal.
The jackal is almost dead.
The jackal misses you. The jackal bites you.
You closely miss the jackal.
The jackal is almost dead.
The jackal barely misses you.
You barely miss the jackal.
The jackal is almost dead.
The jackal bites you but does no damage.
The jackal closely misses you.
You closely miss the jackal.
The jackal is almost dead.
The jackal barely misses you.
You hit the jackal.
You kill the jackal!
No target in view!
b - a +0 shortbow (weapon)
A giant cockroach comes into view.
You shoot an arrow.
The arrow hits the giant cockroach but does no damage.
You shoot an arrow.
The arrow barely misses the giant cockroach.
You shoot an arrow. The arrow hits the giant cockroach.
The giant cockroach is moderately wounded.
a - a +0 dagger (weapon)
You hit the giant cockroach.
You kill the giant cockroach!
No target in view!
b - a +0 shortbow (weapon)
You see here a giant cockroach corpse.
Found a club.
Found a stone staircase leading down.
You reach down and open the door.
A ball python comes into view.
Found a scroll labelled ANNIRH YRAN.
You shoot an arrow. The arrow hits the ball python.
The ball python is heavily wounded.
You shoot an arrow. The arrow hits the ball python.
You kill the ball python!
a - a +0 dagger (weapon)
No target in view!
No target in view!
b - a +0 shortbow (weapon)
There is an open door here.
e - 2 scrolls labelled ANNIRH YRAN (gained 1)
A frilled lizard comes into view.
You shoot an arrow. The arrow hits the frilled lizard.
You kill the frilled lizard!
A frilled lizard comes into view.
Found a scroll labelled DOOQEGRO XUNK.
You shoot an arrow. The arrow hits the frilled lizard!
You kill the frilled lizard!
g - a sedimented puce potion
h - a scroll labelled DOOQEGRO XUNK A ball python comes into view.
You shoot an arrow. The arrow hits the ball python.
You kill the ball python!
A rat comes into view.
You shoot an arrow. The arrow hits the rat.
The rat is moderately wounded.
You shoot an arrow. The arrow closely misses the rat.
You shoot an arrow. The arrow hits the rat.
You kill the rat!
A goblin comes into view. It is wielding a +0 club.
Found 4 stones.
You shoot an arrow. The arrow hits the goblin.
You kill the goblin!
Your Stealth skill increases to level 2!
You have reached level 3!
Your experience leads to an increase in your attributes!
Increase (S)trength, (I)ntelligence, or (D)exterity?
You feel clever. x2
The power to cast Freeze wells up from within.
Spell assigned to 'f'.
Found a club.
There is an escape hatch in the floor here.
Found an escape hatch in the floor.
Found an escape hatch in the floor.
An endoplasm comes into view.
You shoot an arrow. The arrow hits the endoplasm.
The endoplasm quivers.
The endoplasm is severely wounded.
You shoot an arrow. The arrow barely misses the endoplasm.
You shoot an arrow.
The arrow hits the endoplasm but does no damage.
The endoplasm is severely wounded.
You shoot an arrow. The arrow hits the endoplasm.
The endoplasm is almost dead.
You shoot an arrow. The arrow hits the endoplasm.
You kill the endoplasm!
You reach down and open the door.
There is an open door here.
You now have 53 gold pieces (gained 15).
A hobgoblin comes into view.
You shoot an arrow. The arrow hits the hobgoblin.
The hobgoblin shouts!
The hobgoblin is almost dead.
a - a +0 dagger (weapon)
The hobgoblin hits you.
You barely miss the hobgoblin.
The hobgoblin is almost dead.
The hobgoblin hits you but does no damage.
You closely miss the hobgoblin.
The hobgoblin is almost dead.
The hobgoblin closely misses you.
You completely miss the hobgoblin.
The hobgoblin is almost dead.
The hobgoblin hits you.
You hit the hobgoblin.
You kill the hobgoblin!
No target in view!
b - a +0 shortbow (weapon)
Found a falchion.
An endoplasm comes into view.
You shoot an arrow. The endoplasm quivers.
The arrow hits the endoplasm.
The endoplasm is moderately wounded.
a - a +0 dagger (weapon)
You hit the endoplasm but do no damage.
The endoplasm is moderately wounded.
The endoplasm barely misses you.
You hit the endoplasm.
The endoplasm is almost dead.
The endoplasm hits you.
You hit the endoplasm.
You kill the endoplasm!
No target in view!
b - a +0 shortbow (weapon)
2 jackals come into view.
A jackal comes into view.
The jackal barks! x2
You shoot an arrow. The jackal barks!
The arrow hits the jackal.
The jackal is almost dead.
You shoot an arrow. The arrow hits the jackal.
You kill the jackal!
You shoot an arrow. The arrow barely misses the jackal.
The arrow hits the jackal.
You kill the jackal!
The jackal closely misses you.
You shoot an arrow. The arrow closely misses the jackal.
The jackal bites you.
You shoot an arrow. The arrow barely misses the jackal.
The jackal misses you. The jackal closely misses you.
You shoot an arrow. The arrow hits the jackal!
You kill the jackal!
a - a +0 dagger (weapon)
b - a +0 shortbow (weapon)
You see here a jackal corpse.
Done exploring.
Search for what [? for help]? d:
Things that are here:
a +0 whip; 5 stones
i - 5 stones
i - 9 stones (gained 4) Done exploring.
You see here a +0 club.
You see here a +0 whip.
There is a stone staircase leading down here.
You fly downwards.
There is a stone staircase leading up here.
j - a scroll labelled LIKLEZ EMEUNY
i - 16 stones (gained 7)
A frilled lizard comes into view.
You shoot an arrow. The arrow hits the frilled lizard.
You kill the frilled lizard!
Found a stone staircase leading up.
k - a silvery potion
Found an escape hatch in the ceiling.
An endoplasm comes into view.
You see here 5 stones.
You shoot an arrow. The arrow hits the endoplasm.
The endoplasm is almost dead.
You shoot an arrow. The arrow hits the endoplasm.
You kill the endoplasm!
i - 21 stones (gained 5)
An endoplasm comes into view.
Found a faded altar of an unknown god.
You shoot an arrow. The arrow hits the endoplasm.
The endoplasm is lightly wounded.
You shoot an arrow. The arrow hits the endoplasm.
The endoplasm is severely wounded.
The endoplasm barely misses you.
a - a +0 dagger (weapon)
You hit the endoplasm.
You kill the endoplasm!
No target in view!
b - a +0 shortbow (weapon)
A dart slug comes into view.
You shoot an arrow. The arrow hits the dart slug.
The dart slug is moderately wounded.
The dart slug launches a dart at you. The slug dart hits you.
You shoot an arrow.
The arrow hits the dart slug but does no damage.
The dart slug is moderately wounded.
The dart slug launches a dart at you. The slug dart hits you.
You shoot an arrow. The arrow hits the dart slug!
You kill the dart slug!
No target in view!
HP restored.
A bat comes into view.
You shoot an arrow. The arrow hits the bat.
You kill the bat!
l - a pink potion A hobgoblin comes into view.
No reachable target in view!
Fire: b) +0 shortbow
Press: ? - help, Q - select action, (/) - cycle Shift-Dir - straight line, f - you
Okay, then.
The hobgoblin shouts!
Fire: b) +0 shortbow
Press: ? - help, Q - select action, (/) - cycle Shift-Dir - straight line, f - hobgoblin
Aim: a hobgoblin (56% to hit)
You shoot an arrow. The arrow hits the hobgoblin.
You kill the hobgoblin!
A rat comes into view.
Found a silvery potion.
No reachable target in view!
A hobgoblin and a worm come into view.
You see here 15 gold pieces.
You shoot an arrow. The arrow barely misses the worm.
a - a +0 dagger (weapon)
Unknown command.
Casting: Magic Dart (safe; 4% risk of failure)
Confirm with . or Enter, or press ? or * to list all spells.
Aiming: Mephitic Cloud (quite dangerous; 14% risk of failure)
Press: ? - help, Shift-Dir - straight line, p - worm The ball explodes into a vile cloud!
The stinking cloud engulfs you but does no damage.
The stinking cloud engulfs the worm but does no damage.
You hear a shout!
The worm is engulfed in noxious fumes.
The worm appears confused.
You hit the worm.
The worm is lightly wounded.
You hit the worm but do no damage.
The worm is lightly wounded.
The worm is engulfed in noxious fumes.
The worm appears confused.
b - a +0 shortbow (weapon)
You shoot an arrow. The arrow barely misses the hobgoblin.
a - a +0 dagger (weapon)
The worm bites itself!
You hit the worm.
The worm is heavily wounded.
You hit the worm.
The worm is severely wounded.
The hobgoblin hits you but does no damage.
You closely miss the hobgoblin.
The hobgoblin hits you but does no damage.
You hit the hobgoblin.
The hobgoblin is severely wounded.
The hobgoblin barely misses you.
You hit the worm.
The worm is severely wounded.
The hobgoblin barely misses you. The worm barely misses you.
You hit the worm.
The worm is severely wounded.
The hobgoblin hits you.
An endoplasm comes into view.
The endoplasm quivers.
You hit the worm.
The worm is severely wounded.
The hobgoblin hits you but does no damage.
The worm misses you.
You completely miss the worm.
The worm is severely wounded.
The hobgoblin closely misses you.
You hit the worm but do no damage.
The worm is severely wounded.
The worm closely misses you. The hobgoblin completely misses you.
You strike the helpless worm from behind!
You hit the worm.
The worm is almost dead.
The hobgoblin barely misses you. The worm barely misses you.
You hit the worm.
The worm is almost dead.
The hobgoblin barely misses you.
You barely miss the worm.
The worm is almost dead.
The hobgoblin barely misses you. The worm bites you.
You strike the helpless worm from behind!
You puncture the worm!
You kill the worm!
The hobgoblin barely misses you.
You hit the endoplasm but do no damage. The hobgoblin hits you.
The endoplasm hits you.
You hit the endoplasm.
The endoplasm is almost dead.
The hobgoblin barely misses you. The endoplasm freezes you.
You are frozen.
You feel a terrible chill!
You hit the endoplasm.
You kill the endoplasm!
The hobgoblin hits you.
* * * LOW HITPOINT WARNING * * *
Found a There-And-Back Book.
The hobgoblin attacks as it pursues you!
The hobgoblin misses you.
You see here a worm corpse.
You hit the hobgoblin.
The hobgoblin is almost dead.
The hobgoblin hits you.
* * * LOW HITPOINT WARNING * * *
You hit the hobgoblin.
You kill the hobgoblin!
You start resting.
A rat is nearby!
You start resting.
A kobold comes into view. It is wielding a +0 club.
A quokka comes into view.
You hit the kobold but do no damage. The kobold closely misses you.
You closely miss the kobold. The kobold hits you with a +0 club.
You hit the kobold but do no damage. The kobold misses you.
You closely miss the kobold. The kobold hits you with a +0 club.
You hit the kobold but do no damage. The kobold hits you but does no damage.
You hit the kobold.
You kill the kobold!
You hit the quokka.
The quokka is heavily wounded.
The quokka barely misses you.
You hit the quokka but do no damage.
The quokka is heavily wounded.
The quokka barely misses you.
You hit the quokka.
The quokka is severely wounded.
The quokka bites you.
You hit the quokka but do no damage.
The quokka is severely wounded.
The quokka bites you.
* * * LOW HITPOINT WARNING * * *
The quokka bites you.
* * * LOW HITPOINT WARNING * * *
You barely miss the quokka.
The quokka is severely wounded.
The quokka bites you.
You die...

Skill      XL: |  1  2 |
---------------+-------+-----
Spellcasting   | 3 |  3.2
Conjurations   | 3 |  3.2
Hexes          | 3 |  3.2
Summonings     | 3 |  3.2
Necromancy     | 3 |  3.2
Translocations | 3 |  3.2
Transmutations | 3 |  3.2
Fire Magic     | 3 |  3.2
Ice Magic      | 3 |  3.2
Air Magic      | 3 |  3.2
Earth Magic    | 3 |  3.2
Poison Magic   | 3 |  3.2
Stealth        | 2 |  2.1
Fighting       | |  0.9
Dodging        | |  2.8

Action                     || total
---------------------------++-------
  Melee: Dagger            ||    81
   Fire: Shortbow          ||    47
   Cast: Magic Dart        ||    10
         Mephitic Cloud    ||     1
   Stab: Confused          ||     2
 Armour: Robe              ||    12
  Dodge: Dodged            ||    56

Levels and vault maps discovered:
D:1:      heliophobic_arrival_henge, layout_basic
D:2:      layout_loops_ring, shapermc_ecumenical_altar_starsandcircs,
          serial_aquarium, aquarium_bridge_straight [aquarium_subvault_bridge,
          aquarium_subvault_wall, aquarium_subvault_bridge,
          aquarium_subvault_wall], aquarium_window_2,
          aquarium_window_corridor_1, aquarium_window_1, aquarium_view_4,
          aquarium_view_2d, grunt_ministairs_15, minmay_misc_feat_five,
          minmay_puff

Notes
Turn   | Place    | Note
-------+----------+-------------------------------------------
     0 | D:1      | scionoferis the Djinni Hedge Wizard began the quest for the
                  | Orb.
     0 | D:1      | scionoferis set off with the following spells memorised:
                  | Magic Dart, Slow, Blink, Call Imp, Mephitic Cloud.
     0 | D:1      | Reached XP level 1. HP: 15/15 MP: 0/0
   182 | D:1      | Reached skill level 3 in Spellcasting
   182 | D:1      | Reached skill level 3 in Conjurations
   182 | D:1      | Reached skill level 3 in Hexes
   182 | D:1      | Reached skill level 3 in Summonings
   182 | D:1      | Reached skill level 3 in Necromancy
   182 | D:1      | Reached skill level 3 in Translocations
   182 | D:1      | Reached skill level 3 in Transmutations
   182 | D:1      | Reached skill level 3 in Fire Magic
   182 | D:1      | Reached skill level 3 in Ice Magic
   182 | D:1      | Reached skill level 3 in Air Magic
   182 | D:1      | Reached skill level 3 in Earth Magic
   182 | D:1      | Reached skill level 3 in Poison Magic
   182 | D:1      | Reached XP level 2. HP: 21/21 MP: 0/0
   528 | D:1      | Reached skill level 2 in Stealth
   528 | D:1      | Reached XP level 3. HP: 26/26 MP: 0/0
   528 | D:1      | Learned a level 1 spell: Freeze
  1128 | D:2      | Found a faded altar of an unknown god.
  1314 | D:2      | HP: 1/26 [quokka (5)]
  1315 | D:2      | Slain by a quokka

Vanquished Creatures
  A worm (D:2)
  2 dart slugs (D:1 D:2)
  2 ball pythons (D:1)
  5 endoplasms (D:1 D:2)
  A giant cockroach (D:1)
  A goblin (D:1)
  3 hobgoblins (D:1 D:2)
  6 jackals (D:1)
  5 bats (D:1 D:2)
  5 frilled lizards (D:1 D:2)
  3 kobolds (D:1 D:2)
  2 rats (D:1)
36 creatures vanquished.

Table legend: (Time is in decaauts)
 A = Elapsed time spent in this place.
 B = Non-inter-level travel time spent in this place.
 C = Inter-level travel time spent in this place.
 D = Time resting spent in this place.
 E = Time spent auto-exploring this place.
 F = Levels seen in this place.
 G = Mean time per level.
                   A        B        C        D        E       F      G
               +--------+--------+--------+--------+--------+-----+--------+
         Total |   1322 |   1253 |     69 |     24 |    982 |   2 |  661.0 |
       Dungeon |   1322 |   1253 |     69 |     24 |    982 |   2 |  661.0 |
               +--------+--------+--------+--------+--------+-----+--------+

Top non-repeatable levels by time:
     D:1: 988 daAuts
     D:2: 334 daAuts

Table legend:
 A = Non-vault XP
 B = Vault XP
 C = Vault XP percentage of total XP
 D = Non-vault monster count
 E = Vault monster count
 F = Vault count percentage of total count
                 A         B        C        D         E       F
            +---------+---------+-------+---------+---------+-------
      Total |      62 |       3 |   4.6 |      34 |       2 |   5.6
            +---------+---------+-------+---------+---------+-------
        D:1 |      42 |       0 |   0.0 |      26 |       0 |   0.0
        D:2 |      20 |       3 |  13.0 |       8 |       2 |  20.0
            +---------+---------+-------+---------+---------+-------
